 Dungeon Sprint DCSS version 0.24-a0-250-g6074511092 (webtiles) character file.

Game seed: 15720068265570351372

286 Redear the Grappler (level 8, 0/130 HPs)
             Began as a Troll Fighter on Apr 15, 2019.
             Was a High Priest of Cheibriados (penitent).
             Slain by the 27-headed Lernaean hydra (1 damage)
             ... in the Dungeon (Sprint VI: "Thunderdome").
             The game lasted 00:05:55 (406 turns).

Redear the Grappler (Troll Fighter)                  Turns: 406, Time: 00:05:56

Health: 0/130      AC:  6    Str: 28    XL:     8   Next: 29%
Magic:  3/11       EV: 11    Int: 12    God:    Cheibriados [*]
Gold:   210        SH: 10    Dex:  7    Spells: 7/7 levels left

rFire    . . .     SeeInvis .     - Unarmed
rCold    . . .     Gourm    +   b - +0 shield
rNeg     . . .     Faith    .   a - +0 robe
rPois    .         Spirit   .   (helmet restricted)
rElec    .         Reflect  .   (no cloak)
rCorr    .         Harm     .   (gloves unavailable)
MR       +....     Rnd*Rage +   (boots unavailable) Stlth ..........NoTele +
                                g - amulet of Pumud {RegenMP Int+2 Dex-5 Slay+5 Stlth-}
HPRegen  0.71/turn              j - ring of Cuiss {MR+ Int+4}
MPRegen  0.37/turn              l - ring "Kairefopol" {Dex+3 Stlth+}

@: berserking, very slightly contaminated, very slow
A: large, unfitting armour, claws 3, berserk 1, fast metabolism 3, gourmand, low
mp 1, regeneration 1, shaggy fur 1, tough skin 3, weak 1
a: Renounce Religion


You were in the Dungeon.
You worshipped Cheibriados.
Cheibriados was demanding penance.
You were not hungry.

You visited 1 branch You collected 600 gold pieces.
You spent 390 gold pieces at shops.

Inventory:

Armour
 a - a +0 robe (worn)
 b - a +0 shield (worn)
Jewellery
 g - the amulet of Pumud (around neck) {RegenMP Int+2 Dex-5 Slay+5 Stlth-}
   (You bought it in a shop in the Dungeon)

   [amulet of magic regeneration]

   It increases your magic regeneration.
   It affects your intelligence (+2).
   It affects your dexterity (-5).
   It affects your accuracy and damage with ranged weapons and melee attacks
   (+5).
   It makes you less stealthy.
 j - the ring of Cuiss (left claw) {MR+ Int+4}
   (You bought it in a shop in the Dungeon)

   [ring of intelligence]

   It affects your intelligence (+4).
   It affects your resistance to hostile enchantments.
 k - the ring of Untruth {rC- rN+++ Str+4 SInv Stlth-}
   (You bought it in a shop in the Dungeon)

   [ring of attention]

   It affects your strength (+4).
   It makes you vulnerable to cold.
   It renders you almost immune to negative energy.
   It lets you see invisible.
   It makes you less stealthy.
 l - the ring "Kairefopol" (right claw) {Dex+3 Stlth+}
   (You bought it in a shop in the Dungeon)

   [ring of stealth]

   It affects your dexterity (+3).
   It makes you more stealthy.
Scrolls
 e - 3 scrolls of fog
 B - 3 scrolls of blinking {@r4}
Potions
 c - a potion of might {Str+5 DMG+1d10 | @q3}
 d - a potion of resistance {rF+ rC+ rPois rElec rCorr}
 f - 9 potions of heal wounds {@q1}
 h - 2 potions of magic
 H - 4 potions of haste {@q5}
 Q - a potion of curing {@q2}
Comestibles
 z - 2 rations


   Skills:
 + Level 7.4 Fighting
 + Level 7.4 Dodging
 + Level 7.4 Shields
 + Level 8.6 Unarmed Combat
 + Level 7.3 Invocations


You had 7 spell levels left.
You didn't know any spells.
Your spell library was empty.

Dungeon Overview and Level Annotations

Branches:
Dungeon (1/1)

Altars:
Cheibriados
Dithmenos
Fedhas
Gozag
Kikubaaqudgha
Makhleb
Okawaru
Qazlal
Ru
Sif Muna
Trog
Uskayaw
Vehumet
Wu Jian
Xom
Yredelemnul
Zin
The Shining One
Beogh
Jiyva
Lugonu

Shops:
D *[%??*?*:[((!!!!

Annotations:
D Lernaean hydra


Innate Abilities, Weirdness & Mutations

You are too large for most types of armour.
You have claws for hands.
Your metabolism is lightning-fast.
You like to eat raw meat.
Your natural rate of healing is unusually fast.
You are covered in fur. (AC +1)
You have extremely tough skin. (AC +3)
You tend to lose your temper in combat.
Your magical capacity is low. (-10% MP)
You are weak. (Str -2)


Message History

You block the 27-headed Lernaean hydra's attack.
The 27-headed Lernaean hydra barely misses you.
The 27-headed Lernaean hydra bites you! x3
The 27-headed Lernaean hydra bites you.
The 27-headed Lernaean hydra bites you but does no damage.
The 27-headed Lernaean hydra bites you. The 27-headed Lernaean hydra bites you!
The 27-headed Lernaean hydra barely misses you.
The 27-headed Lernaean hydra bites you!
You block the 27-headed Lernaean hydra's attack. x3
The 27-headed Lernaean hydra bites you! x3
* * * LOW HITPOINT WARNING * * *
The 27-headed Lernaean hydra bites you!
* * * LOW HITPOINT WARNING * * *
The 27-headed Lernaean hydra bites you!
* * * LOW HITPOINT WARNING * * *
The 27-headed Lernaean hydra bites you but does no damage.
The 27-headed Lernaean hydra bites you!
* * * LOW HITPOINT WARNING * * *
The 27-headed Lernaean hydra bites you.
You die...

#........_# #_......._#
#_......._#
###.........###
#⌠...........⌠#
######.8.........8.#
##∩___......###......
###∩........8.# #.8....
#.....@D......###......
#⌠..........###...###...
#⌠..........# #.<.# #...
#⌠..........###...###...
##.............###......
###∩........8.# #.8....
##∩___......###......
######.8.........8.#
#⌠...........§#


You could see the 27-headed Lernaean hydra.

Vanquished Creatures
  A shining eye (D)
  2 porcupines (D)
  3 floating eyes (D)
  Purgy (D)
  6 killer bees (D)
  2 jellies (D)
  An adder (D)
  An ooze (D)
  An adder skeleton (D)
  A giant cockroach (D)
  A quokka (D)
  A frilled lizard (D)
  A rat (D)
22 creatures vanquished.

Notes
Turn   | Place    | Note
-------+----------+-------------------------------------------
     0 | D        | Redear the Troll Fighter began the quest for the Orb.
     0 | D        | Reached XP level 1. HP: 22/22 MP: 0/0
     1 | D        | Found an ancient bone altar of Kikubaaqudgha.
     1 | D        | Found a shimmering altar of Xom.
     2 | D        | Found a snail-covered altar of Cheibriados.
     2 | D        | Found a corrupted altar of Lugonu.
     3 | D        | Found a radiant altar of Vehumet.
     3 | D        | Found an ornate altar of the Wu Jian Council.
     4 | D        | Found Cula Cobu's Distillery.
     4 | D        | Found an iron altar of Okawaru.
     4 | D        | Found Jiudile's Do-It-Yourself Clinic.
     5 | D        | Found Wodghim's Distillery.
     5 | D        | Found Irhoeqod's Bottled Wisdom.
     5 | D        | Round 1.
    10 | D        | Became a worshipper of Cheibriados the Contemplative
    14 | D        | Found a blossoming altar of Fedhas.
    14 | D        | Found Xushryvu's Staff Store.
    25 | D        | Found a glowing golden altar of the Shining One.
    25 | D        | Found a glowing silver altar of Zin.
    26 | D        | Found a basalt altar of Yredelemnul.
    26 | D        | Found a deep blue altar of Sif Muna.
    36 | D        | Reached * piety under Cheibriados
    42 | D        | Found a viscous altar of Jiyva.
    42 | D        | Found a sacrificial altar of Ru.
    43 | D        | Found a burning altar of Makhleb.
    43 | D        | Found a stormy altar of Qazlal.
    44 | D        | Found a bloodstained altar of Trog.
    44 | D        | Found an opulent altar of Gozag.
    45 | D        | Found Ecitoq's Delicious Food.
    45 | D        | Found Eleoham's Identification Station.
    46 | D        | Found Yrphugis's Jewellery.
    46 | D        | Found Beozyax's Advanced Armour.
    51 | D        | Found a hide-covered altar of Uskayaw.
    52 | D        | Found a roughly hewn altar of Beogh.
    52 | D        | Found a shadowy altar of Dithmenos.
    52 | D        | Found Kysapsou's Premium Goods.
    52 | D        | Found Socwagh's Weapon Rack.
    54 | D        | Found Dimofi Mera's Miscellaneous Merchandise.
    54 | D        | Found Uwkoeh's Basic Armour.
    58 | D        | Reached ** piety under Cheibriados
    71 | D        | Found Qotysch's Magic Scroll Shop.
    72 | D        | Found Ofikluots's Must-Have Magic.
    72 | D        | Found Powuipsiwito's Magic Scroll Shop.
    89 | D        | Reached *** piety under Cheibriados
    89 | D        | Arena points: 12 (+12) [x2]
    89 | D        | Reached skill level 3 in Fighting
    89 | D        | Reached skill level 3 in Dodging
    89 | D        | Reached skill level 3 in Shields
    89 | D        | Reached skill level 3 in Unarmed Combat
    89 | D        | Reached XP level 2. HP: 24/31 MP: 1/1
   122 | D        | Round 2.
   123 | D        | Noticed a porcupine
   124 | D        | Noticed Purgy
   125 | D        | Noticed a porcupine
   131 | D        | Reached skill level 1 in Invocations
   140 | D        | Killed Purgy
   140 | D        | Reached **** piety under Cheibriados
   140 | D        | Reached skill level 4 in Fighting
   140 | D        | Reached skill level 4 in Dodging
   140 | D        | Reached skill level 4 in Shields
   140 | D        | Reached skill level 4 in Unarmed Combat
   140 | D        | Reached skill level 3 in Invocations
   140 | D        | Reached XP level 3. HP: 26/39 MP: 1/4
   140 | D        | Reached XP level 4. HP: 32/48 MP: 1/5
   144 | D        | Killed a porcupine
   144 | D        | Reached skill level 5 in Fighting
   144 | D        | Reached skill level 5 in Dodging
   144 | D        | Reached skill level 5 in Shields
   144 | D        | Reached skill level 5 in Unarmed Combat
   144 | D        | Reached skill level 4 in Invocations
   144 | D        | Reached XP level 5. HP: 13/57 MP: 1/7
   153 | D        | Killed a porcupine
   153 | D        | Reached skill level 6 in Unarmed Combat
   153 | D        | Reached XP level 6. HP: 11/66 MP: 2/8
   165 | D        | Bought 3 potions of heal wounds for 105 gold pieces
   165 | D        | Bought 3 potions of heal wounds for 105 gold pieces
   168 | D        | Arena points: 42 (+30) [x3]
   177 | D        | Round 3.
   183 | D        | Reached skill level 5 in Invocations
   201 | D        | Reached ***** piety under Cheibriados
   216 | D        | Reached skill level 6 in Fighting
   218 | D        | Reached skill level 6 in Dodging
   218 | D        | Reached skill level 6 in Shields
   227 | D        | HP: 5/67 [killer bee (8)]
   228 | D        | Reached skill level 7 in Unarmed Combat
   228 | D        | Reached XP level 7. HP: 5/75 MP: 10/10
   243 | D        | Arena points: 126 (+84) [x4]
   265 | D        | Bought a heavily runed ruby amulet for 45 gold pieces
   265 | D        | Bought a flickering granite ring for 45 gold pieces
   265 | D        | Bought a shimmering glass ring for 45 gold pieces
   265 | D        | Identified the amulet of Pumud {RegenMP Int+2 Dex-5 Slay+5
                  | Stlth-} (You bought it in a shop in the Dungeon)
   266 | D        | Identified the ring of Cuiss {MR+ Int+4} (You bought it in
                  | a shop in the Dungeon)
   267 | D        | Identified the ring of Untruth {rC- rN+++ Str+4 SInv
                  | Stlth-} (You bought it in a shop in the Dungeon)
   269 | D        | Bought a clouded bronze ring for 45 gold pieces
   269 | D        | Identified the ring "Kairefopol" {Dex+3 Stlth+} (You bought
                  | it in a shop in the Dungeon)
   278 | D        | Round 4.
   289 | D        | Paralysed by a floating eye for 4 turns
   294 | D        | Reached skill level 6 in Invocations
   314 | D        | Reached ****** piety under Cheibriados
   350 | D        | Noticed a shining eye
   351 | D        | Reached skill level 7 in Fighting
   351 | D        | Reached skill level 7 in Dodging
   351 | D        | Reached skill level 7 in Shields
   351 | D        | Reached skill level 8 in Unarmed Combat
   365 | D        | Gained mutation: You are weak. (Str -2) [a shining eye]
   372 | D        | Gained mutation: Your magical capacity is low. (-10% MP) [a
                  | shining eye]
   375 | D        | Gained mutation: You tend to lose your temper in combat. [a
                  | shining eye]
   376 | D        | Killed a shining eye
   376 | D        | Arena points: 286 (+160) [x5]
   376 | D        | Reached skill level 7 in Invocations
   376 | D        | Reached XP level 8. HP: 87/87 MP: 9/11
   389 | D        | Round 5.
   389 | D        | Noticed the 27-headed Lernaean hydra
   404 | D        | Was placed under penance by Cheibriados
   406 | D        | HP: 13/130 [the 27-headed Lernaean hydra (14)]
   406 | D        | HP: 1/130 [the 27-headed Lernaean hydra (12)]
   406 | D        | Slain by the 27-headed Lernaean hydra

Levels and vault maps discovered:
D:        arena_sprint

Skill      XL: |  1  2  3  4  5  6  7 |
---------------+----------------------+-----
Fighting       | 3 4 5 6 7 |  7.4
Dodging        | 3 4 5 6 7 |  7.4
Shields        | 3 4 5 6 7 |  7.4
Unarmed Combat | 3 4 5 6 7 8 |  8.6
Invocations    | 3 4 5 7 |  7.3

Action                   |  1- 3 |  4- 6 |  7- 9 || total
-------------------------+-------+-------+-------++-------
Melee: Unarmed           |    32 |    25 |    22 ||    79
Invok: Slouch            |       |       |     3 ||     3
       Bend Time         |       |       |     3 ||     3
Evoke: Wand              |     1 |     2 |     7 ||    10
  Use: Potion            |       |       |     2 ||     2
       Scroll            |       |       |     1 ||     1
  Eat: Chunk             |     1 |     1 |     1 ||     3
Armor: Robe              |    13 |     3 |     2 ||    18
Dodge: Dodged            |     9 |    13 |     8 ||    30
Block: Shield            |    24 |    16 |     8 ||    48

Table legend:
 A = Non-vault XP
 B = Vault XP
 C = Vault XP percentage of total XP
 D = Non-vault monster count
 E = Vault monster count
 F = Vault count percentage of total count
                 A         B        C        D         E       F
            +---------+---------+-------+---------+---------+-------
      Total |    1830 |       0 |   0.0 |      22 |       0 |   0.0
            +---------+---------+-------+---------+---------+-------
          D |    1830 |       0 |   0.0 |      22 |       0 |   0.0
            +---------+---------+-------+---------+---------+-------
